 Dungeon Crawl Stone Soup version 5.6-49-g8abd877 (webtiles) character file.

1144 flotson the Infuser (level 9, -2/61 HPs)
             Began as a Demonspawn Skald on Jan 16, 2019.
             Was a Believer of Nemelex Xobeh.
             Slain by a wyvern zombie (13 damage)
             ... on level 7 of the Dungeon.
             The game lasted 00:11:42 (4928 turns).

flotson the Infuser (Demonspawn Skald)              Turns: 4928, Time: 00:11:43

Health: -2/61      AC: 20 (0%)Str: 17   XL:     9   Next: 63%
Magic:  2/9        EV: 12    Int: 22    God:    Nemelex Xobeh [2*[55]]
Gold:   451        SH:  0    Dex: 18    Spells: 3/18 levels left

rFire    + . .     SeeInvis .   a - +1 dagger (elec)
rCold    + . .     Faith    .   (no shield)
rNeg     + . .     Spirit   .   v - +2 robe {rC+ rF+}
rPois    +         Reflect  .   (helmet restricted)
rElec    .                      (no cloak)
rCorr    .                      (no gloves)
MR       .....                  (no boots)
Stlth    ++........             (no amulet)
Regen    1.3/turn               g - ring of positive energy
MPRegen  0.2/turn               h - ring of poison resistance

@: mighty, brilliant, sanguine armour, regenerating, icy armour
A: horns 1, agile, foul stench 2, high mp 1, powered by pain 1, regeneration 1,
black mark 1, sanguine armour 2
a: End Regeneration, End Ozocubu's Armour, Stop Singing, End Infusion, Renounce
Religion


You were on level 7 of the Dungeon.
You worshipped Nemelex Xobeh.
Nemelex Xobeh was pleased with you.
You were not hungry.

You visited 1 branch of the dungeon, and saw 7 of its levels.

You collected 451 gold pieces.

Inventory:

Hand Weapons
 a - a +1 dagger of electrocution (weapon)
 b - a +2 vampiric dagger
 m - a +0 spear
 C - a +0 halberd
Missiles
 e - 84 poisoned darts (quivered)
 i - 88 silver javelins
 l - 146 tomahawks
Armour
 v - a +2 robe of resistance (worn)
 H - a +0 shield
Jewellery
 g - a ring of positive energy (left hand)
 h - a ring of poison resistance (right hand)
 A - an uncursed ring of resist corrosion
Wands
 q - a wand of slimification (5)
 z - a wand of digging (7)
 E - a wand of acid (4)
 G - a wand of paralysis (7)
Scrolls
 c - 7 scrolls of immolation
 d - a scroll of fog
 k - 3 scrolls of teleportation
 n - a scroll of amnesia
 p - a scroll of blinking
 w - 2 scrolls of fear
 y - a scroll of brand weapon
 F - a scroll of enchant armour
Potions
 f - a potion of lignification
 j - 4 potions of ambrosia
 o - a potion of augmentation
 r - a potion of cancellation
 s - a potion of magic
 t - 2 potions of haste
 u - a potion of resistance
Miscellaneous
 x - an ornate deck of escape {cards: 13} {!d}
 B - an ornate deck of summoning {cards: 5} {!d}
 D - an ornate deck of destruction {cards: 9} {!d}


   Skills:
 - Level 2.0 Fighting
 - Level 1.7 Polearms
 - Level 0.8 Armour
 - Level 0.8 Dodging
 + Level 12.6 Charms


You had 3 spell levels left.
You knew the following spells:

 Your Spells              Type           Power        Failure   Level  Hunger
a - Infusion              Chrm           25 (25)      1%          1    N/A
b - Song of Slaying       Chrm           65 (100)     1%          2    N/A
c - Regeneration          Chrm/Necr      47 (200)     1%          3    N/A
d - Ozocubu's Armour      Chrm/Ice       47 (100)     1%          4    N/A
e - Spectral Weapon       Chrm/Summ      47 (100)     4%          5    N/A

Your spell library contained the following spells:

 Spells                   Type           Power        Failure   Level  Hunger
 Throw Icicle             Ice            19 (100)     17%         4    N/A
 Shatter                  Erth           19 (200)     100%        9    N/A
 Static Discharge         Air            19 (100)     6%          3    N/A
 Sandblast                Erth           19 (25)      2%          1    N/A
 Tornado                  Air            19 (200)     100%        9    N/A
 Iskenderun's Battlesphe  Chrm/Summ      47 (100)     4%          5    N/A
 Fulminant Prism          Air            19 (200)     41%         5    N/A
 Searing Ray              Fire           19 (50)      3%          2    N/A
 Ignition                 Fire           19 (200)     100%        8    N/A

Dungeon Overview and Level Annotations

Branches:
Dungeon (7/15)

Altars:
Cheibriados
Dithmenos
Gozag
Jiyva
Kikubaaqudgha
Lugonu
Makhleb
Nemelex Xobeh
Okawaru
Qazlal
Ru
Sif Muna
Trog
Uskayaw
Vehumet
Wu Jian
Xom
Yredelemnul
Zin
The Shining One


Innate Abilities, Weirdness & Mutations

You have a pair of small horns on your head.
You sometimes emit foul miasma when damaged in melee.
You sometimes gain a little power by taking damage.
Your melee attacks may debilitate your foes.
When seriously injured, your bleeding wounds create thick armour. (AC +9)
You are agile. (Dex +5)
You have an increased reservoir of magic. (+10% MP)
Your natural rate of healing is unusually fast.


Message History

Menkaure seems to speed up.
You hit Menkaure (3).
Menkaure is heavily damaged.
Menkaure hits you (2).
You hit Menkaure (3). You headbutt Menkaure (7)!
Menkaure is almost destroyed.
Menkaure barely misses you.
You closely miss Menkaure. Your headbutt misses Menkaure.
Menkaure is almost destroyed.
Menkaure calls on the powers of darkness!
Your body is wracked with pain!
You focus on the pain.
You feel very mighty all of a sudden.
You feel clever all of a sudden. The wyvern zombie bites you (13)!
* * * LOW HITPOINT WARNING * * *
Menkaure completely misses you.
You hit Menkaure (7)!
You destroy Menkaure!
The wyvern zombie bites you (13)!
You die...
Your body disappears without a glow.

...##..................#.
...##....#.##.........##.
................###..##.
..#.....#.##.........##.
........#.##..........#.
#...#.#.##.........##.
..#...................##
......Z.#.##.##..##.##.#
..#....@................
#..............##..#..
#.#.........#..##.....
.......####..#.........
.....................#..
..#.#.######..#..##.##..
. ............#..##.##.>
##.#...............##..
...................


You could see a wyvern zombie.

Vanquished Creatures
  Grinder (D:6)
  Prince Ribbit (D:6)
  Menkaure (D:7)
  Edmund (D:6)
  Duvessa (D:4)
  A spiny frog zombie (D:7)
  A water moccasin (D:4)
  2 ice beasts
  3 ogres
  A phantom (D:5)
  2 blink frog zombies (D:6)
  3 centaurs (D:6)
  3 bullfrogs
  Dowan (D:4)
  A wyvern zombie (D:7)
  A water moccasin zombie (D:6)
  A scorpion (D:6)
  A water moccasin skeleton (D:6)
  A bullfrog zombie (D:5)
  4 hounds
  2 orc priests (D:4)
  Natasha (thrice) (D:4)
  6 orc wizards
  5 worker ants
  2 iguanas
  2 hound zombies (D:7)
  2 gnolls (D:5)
  8 adders
  4 dart slugs
  17 orcs
  8 quokkas
  8 bats
  2 giant cockroaches
  12 hobgoblins
  9 jackals
  7 kobolds
  3 frilled lizards
  6 goblins
  10 rats
  A spectral orc (D:5)
  A plant (D:6)
149 creatures vanquished.

Notes
Turn   | Place    | Note
-------+----------+-------------------------------------------
     0 | D:1      | flotson the Demonspawn Skald began the quest for the Orb.
     0 | D:1      | Reached XP level 1. HP: 16/16 MP: 2/2
    37 | D:1      | Reached skill level 4 in Charms
    43 | D:1      | Gained mutation: You sometimes gain a little power by taking damage. [demonic ancestry]
    43 | D:1      | Reached XP level 2. HP: 20/22 MP: 0/2
    45 | D:1      | Learned a level 2 spell: Song of Slaying
   675 | D:1      | Gained mutation: You are dopey. (Int -5) [mutagenic hatch]
   686 | D:2      | Gained mutation: When seriously injured, your bleeding wounds create armour. (AC +9) [demonic ancestry]
   686 | D:2      | Reached XP level 3. HP: 20/27 MP: 2/2
   687 | D:2      | Lost mutation: You are dopey. (Int -5) [potion of mutation]
   687 | D:2      | Gained mutation: You are agile. (Dex +5) [potion of mutation]
   687 | D:2      | Gained mutation: You have an increased reservoir of magic. (+10% MP) [potion of mutation]
   791 | D:2      | Reached skill level 5 in Charms
   799 | D:2      | Reached XP level 4. HP: 26/33 MP: 0/4
   804 | D:2      | Learned a level 3 spell: Regeneration
  1353 | D:3      | Gained mutation: You may emit foul miasma when damaged in melee. [demonic ancestry]
  1353 | D:3      | Reached XP level 5. HP: 24/38 MP: 0/6
  1508 | D:3      | Reached skill level 6 in Charms
  1887 | D:3      | Found an ancient bone altar of Kikubaaqudgha.
  1980 | D:4      | Gained mutation: You have a pair of small horns on your head. [demonic ancestry]
  1980 | D:4      | Reached XP level 6. HP: 24/44 MP: 0/3
  1990 | D:4      | Reached skill level 7 in Charms
  2062 | D:4      | Noticed a dagger
  2063 | D:4      | Noticed a dagger
  2084 | D:4      | Found a hide-covered altar of Uskayaw.
  2200 | D:4      | Found an opulent altar of Gozag.
  2200 | D:4      | Found a glowing golden altar of the Shining One.
  2207 | D:4      | Found a shimmering altar of Xom.
  2208 | D:4      | Noticed Natasha
  2222 | D:4      | Killed Natasha
  2242 | D:4      | Learned a level 4 spell: Ozocubu's Armour
  2325 | D:4      | Found a corrupted altar of Lugonu.
  2352 | D:4      | Noticed Natasha
  2353 | D:4      | Noticed a water moccasin
  2370 | D:4      | Killed a water moccasin
  2370 | D:4      | Reached skill level 8 in Charms
  2370 | D:4      | Gained mutation: When seriously injured, your bleeding wounds create thick armour. (AC +9) [demonic ancestry]
  2370 | D:4      | Reached XP level 7. HP: 44/50 MP: 6/6
  2386 | D:4      | Killed Natasha
  2396 | D:4      | Noticed Natasha
  2403 | D:4      | Killed Natasha
  2412 | D:4      | Noticed Dowan
  2412 | D:4      | Noticed Duvessa
  2436 | D:4      | Killed Duvessa
  2451 | D:4      | Killed Dowan
  2451 | D:4      | Reached skill level 9 in Charms
  2470 | D:4      | Found an ornate altar of the Wu Jian Council.
  2488 | D:4      | Found a viscous altar of Jiyva.
  2739 | D:4      | Gained mutation: Your natural rate of healing is unusually fast. [mutagenic hatch]
  2739 | D:5      | Entered Level 5 of the Dungeon
  2752 | D:5      | Found a shadowy altar of Dithmenos.
  2777 | D:5      | Gained mutation: Your melee attacks may debilitate your foes. [demonic ancestry]
  2777 | D:5      | Reached XP level 8. HP: 30/56 MP: 3/9
  2834 | D:5      | Found a sparkling altar of Nemelex Xobeh.
  2844 | D:5      | Became a worshipper of Nemelex Xobeh the Trickster
  2872 | D:5      | Found a snail-covered altar of Cheibriados.
  2906 | D:5      | Received a gift from Nemelex Xobeh
  2912 | D:5      | Found a basalt altar of Yredelemnul.
  2930 | D:5      | Found a shadowy altar of Dithmenos.
  3139 | D:5      | Found a glowing silver altar of Zin.
  3247 | D:5      | Found a deep blue altar of Sif Muna.
  3375 | D:5      | Found a stormy altar of Qazlal.
  3375 | D:5      | Found a radiant altar of Vehumet.
  3591 | D:6      | Found an iron altar of Okawaru.
  3628 | D:6      | Reached skill level 10 in Charms
  3644 | D:6      | Noticed Edmund
  3651 | D:6      | Killed Edmund
  3675 | D:6      | Found a sacrificial altar of Ru.
  3762 | D:6      | Found a bloodstained altar of Trog.
  3762 | D:6      | Reached * piety under Nemelex Xobeh
  3813 | D:6      | Received a gift from Nemelex Xobeh
  3816 | D:6      | Found a burning altar of Makhleb.
  3874 | D:6      | Noticed Prince Ribbit
  3902 | D:6      | Killed Prince Ribbit
  3902 | D:6      | Reached skill level 11 in Charms
  3916 | D:6      | Gained mutation: You sometimes emit foul miasma when damaged in melee. [demonic ancestry]
  3916 | D:6      | Reached XP level 9. HP: 55/61 MP: 1/9
  3918 | D:6      | Learned a level 5 spell: Spectral Weapon
  3973 | D:6      | Noticed Grinder
  3992 | D:6      | Killed Grinder
  4010 | D:6      | Received a gift from Nemelex Xobeh
  4443 | D:7      | Reached skill level 12 in Charms
  4515 | D:7      | Received a gift from Nemelex Xobeh
  4521 | D:7      | Reached ** piety under Nemelex Xobeh
  4919 | D:7      | Noticed Menkaure
  4928 | D:7      | Killed Menkaure
  4928 | D:7      | Slain by a wyvern zombie

Skill      XL: |  1  2  3  4  5  6  7  8  9 |
---------------+----------------------------+-----
Charms         | 4 5 6 8 9 11 12 | 12.6
Fighting       | |  2.0
Polearms       | |  1.7
Armour         | |  0.8
Dodging        | |  0.8

Action                   |  1- 3 |  4- 6 |  7- 9 || total
-------------------------+-------+-------+-------++-------
Melee: Spear             |    70 |       |       ||    70
       Dagger            |     6 |   143 |   235 ||   384
       Headbutt          |       |     8 |    49 ||    57
Throw: Poisoned dart     |       |     3 |    17 ||    20
 Cast: Infusion          |     1 |       |       ||     1
       Song of Slaying   |     1 |       |       ||     1
       Regeneration      |       |     1 |       ||     1
       Ozocubu's Armour  |       |       |     1 ||     1
  Use: Potion            |     1 |     1 |       ||     2
       Scroll            |       |       |     2 ||     2
 Stab: Sleeping          |     3 |       |     2 ||     5
Armor: Leather armour    |    10 |    39 |    11 ||    60
       Skin              |       |     3 |       ||     3
       Robe              |       |       |    50 ||    50
Dodge: Dodged            |    22 |    60 |   103 ||   185
